 Dungeon Crawl Stone Soup version 0.31-a0-162-gc4c5a43528 (webtiles) character file.

Game seed: 4125132588766520535

6524 qw the Skirmisher (level 11, -4/72 HPs)
             Began as a Gargoyle Hunter on June 12, 2023.
             Killed by divine providence
             ... invoked by an orc priest
              (13 damage)
             ... on level 9 of the Dungeon.
             The game lasted 00:03:25 (7100 turns).

qw the Skirmisher (Gargoyle Hunter)                 Turns: 7100, Time: 00:03:26

Health: -4/72      AC: 19    Str: 22    XL:     11   Next: 1%
Magic:  11/11      EV: 14    Int:  9    God:
Gold:   548        SH:  0    Dex: 23    Spells: 10/10 levels left

rFire   . . .        Y - +1 hand crossbow (flame)
rCold   . . .        (no shield)
rNeg    + . .        m - +2 ring mail {Will+}
rPois   inf          j - +0 helmet
rElec   +            (no cloak)
rCorr   .            d - +0 pair of gloves
SInv    .            c - +0 pair of boots
Will    +....        (no amulet)
Stlth   ++           a - +6 ring of dexterity
HPRegen 0.32/turn    f - +6 ring of strength
MPRegen 0.12/turn

%: no passive effects
@: about to teleport
A: sickness immunity, AC +8, negative energy resistance 1, electricity
resistance, torment resistance 1, petrification resistance
a: no special abilities


You were on level 9 of the Dungeon.
You visited 2 branches of the dungeon, and saw 10 of its levels.

You collected 548 gold pieces.


Innate Abilities, Weirdness & Mutations

You are immune to sickness and miasma.
Your stone body is resilient. (AC +8)
You are immune to poison.
You resist negative energy. (rN+)
You are resistant to electric shocks. (rElec)
You are resistant to unholy torment.
You are immune to petrification.


   Skills:
 - Level 9.7 Fighting
 - Level 13.0 Ranged Weapons
 - Level 4.1 Armour
 + Level 4.3 Dodging
 - Level 1.1 Stealth


You had 10 spell levels left.
You didn't know any spells.
Your spell library was empty.

Inventory:

Hand Weapons
 Y - a +1 hand crossbow of flaming (weapon)
Armour
 c - a +0 pair of boots (worn)
 d - a +0 pair of gloves (worn)
 j - a +0 helmet (worn)
 m - a +2 ring mail of willpower (worn)
Jewellery
 a - a +6 ring of dexterity (left hand)
 f - a +6 ring of strength (right hand)
Scrolls
 b - 3 scrolls of teleportation
 i - a scroll of identify
Potions
 e - a potion of curing
 g - a potion of degeneration {unknown}
 h - a potion of mutation {unknown}
 k - a potion of resistance
 n - a potion of might

Dungeon Overview and Level Annotations

Branches:
Dungeon (9/15)             Temple (1/1) D:5
   Lair: D:8-11         Orc: D:9-12

Altars:
Ashenzari
Cheibriados
Dithmenos
Elyvilon
Fedhas
Gozag
Nemelex Xobeh
Qazlal
Ru
Sif Muna
Trog
Uskayaw
Wu Jian
Xom
Yredelemnul
Zin

Annotations:
D:5 exclusion: 2 gnolls
D:6 1 runed translucent door, Crazy Yiuf


Message History

You kill the killer bee!
The orange demon stings you from afar!
The killer bee stings you but does no damage.
You shoot a bolt. The bolt hits the killer bee.
The bolt burns the killer bee.
The killer bee is moderately wounded.
The killer bee misses you.
The orange demon stings you but does no damage.
The killer bee closely misses you.
You shoot a bolt. The bolt barely misses the killer bee.
The killer bee closely misses you.
The killer bee stings you but does no damage.
The killer bee closely misses you. The killer bee stings you.
The orange demon barely misses you. The killer bee closely misses you. x2
The orange demon misses you.
You shoot a bolt. The bolt hits the killer bee.
The bolt burns the killer bee.
The killer bee is severely wounded.
The killer bee closely misses you.
The killer bee stings you but does no damage. x2
The killer bee misses you. The orange demon barely misses you.
The killer bee barely misses you. The killer bee closely misses you.
You shoot a bolt. The bolt hits the killer bee!
The bolt burns the killer bee.
You kill the killer bee!
The killer bee closely misses you. The orange demon stings you from afar!
The killer bee stings you but does no damage.
You have reached level 11!
You shoot a bolt. The bolt misses the killer bee.
The killer bee stings you but does no damage. x2
The orange demon stings you from afar! The killer bee misses you.
The orange demon barely misses you.
7098 ||| READING 4 scrolls of teleportation.
As you read the scroll of teleportation, it crumbles to dust.
You feel strangely unstable.
The killer bee barely misses you. x2; The orange demon stings you from afar!
You shoot a bolt. The bolt hits the killer bee!!
The bolt burns the killer bee.
You kill the killer bee!
The orange demon completely misses you.
You shoot a bolt. The bolt closely misses the orc priest.
The orc priest mumbles some strange prayers to Beogh against you.
Beogh smites you!
You die...

.. .. #.# ..#.#
###.#.# ...#.#
###....#
#4o%.#.#
#)#@.#.#
o.o#..#.# ..
.o6###..#.###
##.
...yo###......#
..
....#.........#
##.## ...
#####.....######
....# ...
#.#........#
...####..
#........#.#
.....!...
#####..#<..#


You could see an orange demon and an orc priest.

Vanquished Creatures
  A two-headed ogre (D:6)
  Amaemon (D:9)
  Pikel (D:7)
  Prince Ribbit (D:6)
  Grinder (D:5)
  Sigmund (D:6)
  3 wargs (D:9)
  Menkaure (D:7)
  A water moccasin (D:9)
  3 ice beasts
  2 orc warriors
  4 sky beasts
  A black bear (D:5)
  3 ogres
  A centaur (D:7)
  4 lemures (D:7)
  A phantom (D:6)
  2 kobold brigands (D:8)
  3 bullfrogs (D:7)
  2 gnoll sergeants
  2 scorpions (D:5)
  9 wights
  5 killer bees (D:9)
  4 howler monkeys
  A hound (D:4)
  4 jellies
  3 orc priests
  A sleepcap (D:6)
  A gnoll bouda (D:5)
  3 iguanas
  Natasha (D:2)
  7 orc wizards
  19 gnolls
  8 adders
  3 shadow imps (D:8)
  4 white imps
  4 ufetubi
  A worm (D:2)
  2 dart slugs
  34 orcs
  5 ball pythons
  5 endoplasms
  2 giant cockroaches
  5 goblins
  11 hobgoblins
  20 jackals
  14 kobolds
  6 quokkas
  2 frilled lizards
  9 rats
232 creatures vanquished.

Notes
Turn   | Place    | Note
-------+----------+-------------------------------------------
     0 | D:1      | qw the Gargoyle Hunter began the quest for the Orb.
     0 | D:1      | Reached XP level 1. HP: 12/12 MP: 1/1
     0 | D:1      | 0 ||| qw: Version: 0.2-a-29-gc1b59c4
     0 | D:1      | 0 ||| qw: Game counter: 4374
     0 | D:1      | 0 ||| qw: Always use a shield: true
     0 | D:1      | 0 ||| qw: God list: Okawaru
     0 | D:1      | 0 ||| qw: Allow faded altars: false
     0 | D:1      | 0 ||| qw: Do Orc after D:15 true
     0 | D:1      | 0 ||| qw: Do second Lair branch before Depths: true
     0 | D:1      | 0 ||| qw: Lair rune preference: random
     0 | D:1      | 0 ||| qw: Plans: Normal, Zot:1-4, Slime:5, God:TSO, Crypt,
                  | Tomb, Abyss, Pan, Hells, Win
     0 | D:1      | 0 ||| PLANNING D:1-11
   188 | D:1      | Reached XP level 2. HP: 17/17 MP: 2/2
   197 | D:1      | You fall into a shaft and drop 1 floor!
   198 | D:2      | 198 ||| UPGRADING to +0 pair of gloves.
   203 | D:2      | 203 ||| READING scroll labelled LAXISE KENU.
   204 | D:2      | 204 ||| DROPPING scroll of butterflies.
   444 | D:1      | Found a faded altar of an unknown god.
   644 | D:1      | 644 ||| UPGRADING to +0 ring mail.
   654 | D:1      | 654 ||| DROPPING +0 leather armour.
   655 | D:1      | 655 ||| READING scroll labelled ERHIGE ARO WETS.
   656 | D:1      | 656 ||| READING 3 scrolls labelled VEL DINUIFOGH.
   776 | D:2      | Reached skill level 1 in Armour
   806 | D:2      | Reached XP level 3. HP: 21/21 MP: 3/3
   888 | D:2      | Noticed Natasha
   894 | D:2      | Killed Natasha
   895 | D:2      | Reached skill level 5 in Ranged Weapons
   928 | D:2      | Reached XP level 4. HP: 27/27 MP: 4/4
  1325 | D:2      | 1325 ||| UPGRADING to +0 pair of boots.
  1330 | D:2      | 1330 ||| READING 2 scrolls labelled FIQICH OSIDUEL.
  1331 | D:2      | 1331 ||| READING scroll labelled FOAZXI RAGG.
  1332 | D:2      | 1332 ||| DROPPING scroll of amnesia.
  1390 | D:3      | Reached skill level 3 in Fighting
  1580 | D:3      | Found a broken altar of Ashenzari.
  2010 | D:3      | 2010 ||| DRINKING 2 murky red potions.
  2078 | D:4      | Reached XP level 5. HP: 28/32 MP: 5/5
  2118 | D:4      | Reached skill level 6 in Ranged Weapons
  2191 | D:4      | Noticed an ogre
  2200 | D:4      | Killed an ogre
  2201 | D:4      | Reached XP level 6. HP: 18/39 MP: 6/6
  2644 | D:4      | Noticed a sky beast
  2661 | D:4      | Killed a sky beast
  2681 | D:4      | 2681 ||| UPGRADING to +0 helmet.
  2686 | D:4      | 2686 ||| READING 2 scrolls labelled OHEACKUQOUTZ.
  2706 | D:5      | Entered Level 5 of the Dungeon
  2706 | D:5      | Noticed Grinder
  2710 | D:5      | Paralysed by Grinder for 3 turns
  2723 | D:5      | Killed Grinder
  2724 | D:5      | Reached XP level 7. HP: 44/44 MP: 7/7
  2753 | D:5      | Reached skill level 7 in Ranged Weapons
  2753 | D:5      | HP: 10/44 [jackal (2)]
  2754 | D:5      | 2754 ||| READING 3 scrolls of teleportation.
  2993 | D:5      | 2993 ||| DRINKING 2 potions of curing.
  2993 | D:5      | 2993 ||| (to cure confusion)
  3014 | D:5      | 3014 ||| FLEEEEING.
  3015 | D:5      | 3015 ||| FLEEEEING.
  3033 | D:5      | 3033 ||| Stepping ~*~*~tactically~*~*~ (outnumbered).
  3045 | D:5      | Reached skill level 8 in Ranged Weapons
  3045 | D:5      | Reached XP level 8. HP: 40/48 MP: 8/8
  3372 | D:5      | Found a staircase to the Ecumenical Temple.
  3373 | D:5      | 3373 ||| PLANNING TEMPLE
  3373 | D:5      | 3373 ||| READING scroll labelled QOIXICVILA.
  3373 | D:5      | Identified a scroll of acquirement
  3373 | D:5      | 3373 ||| ACQUIRING +1 shortbow of flaming
  3373 | D:5      | Acquired a +1 shortbow of flaming
  3375 | D:5      | 3375 ||| SWAPPING to +1 shortbow of flaming.
  3376 | D:5      | 3376 ||| DROPPING +0 shortbow.
  3384 | Temple   | Entered the Ecumenical Temple
  3562 | Temple   | 3562 ||| PLANNING D:1-11
  3870 | D:5      | 3870 ||| FLEEEEING.
  3871 | D:5      | 3871 ||| FLEEEEING.
  3872 | D:5      | 3872 ||| FLEEEEING.
  3873 | D:5      | 3873 ||| FLEEEEING.
  3874 | D:5      | 3874 ||| FLEEEEING.
  3875 | D:5      | 3875 ||| FLEEEEING.
  3876 | D:5      | 3876 ||| FLEEEEING.
  3877 | D:5      | 3877 ||| FLEEEEING.
  3878 | D:5      | 3878 ||| FLEEEEING.
  3879 | D:5      | 3879 ||| FLEEEEING.
  3880 | D:5      | 3880 ||| FLEEEEING.
  3892 | D:5      | 3892 ||| FLEEEEING.
  3926 | D:5      | Reached skill level 9 in Ranged Weapons
  3939 | D:5      | Reached skill level 6 in Fighting
  3951 | D:5      | HP: 11/51 [gnoll/+1 halberd of venom (4)]
  3952 | D:5      | 3952 ||| READING 2 scrolls of teleportation.
  3963 | D:5      | 3963 ||| FLEEEEING.
  3964 | D:5      | 3964 ||| FLEEEEING.
  3965 | D:5      | 3965 ||| FLEEEEING.
  3966 | D:5      | 3966 ||| FLEEEEING.
  3967 | D:5      | 3967 ||| FLEEEEING.
  3970 | D:5      | 3970 ||| FLEEEEING.
  3971 | D:5      | 3971 ||| STAIRDANCE
  4179 | D:6      | Noticed Prince Ribbit
  4199 | D:6      | Killed Prince Ribbit
  4200 | D:6      | Reached XP level 9. HP: 45/55 MP: 9/9
  4241 | D:6      | 4241 ||| SWAPPING to +1 hand crossbow of flaming.
  4242 | D:6      | 4242 ||| DROPPING +1 shortbow of flaming.
  4279 | D:6      | 4279 ||| Stepping ~*~*~tactically~*~*~ (outnumbered).
  4299 | D:6      | Reached skill level 10 in Ranged Weapons
  4344 | D:6      | Found a stormy altar of Qazlal.
  4345 | D:6      | Noticed a two-headed ogre
  4349 | D:6      | Killed a two-headed ogre
  4503 | D:6      | Noticed Sigmund
  4504 | D:6      | 4504 ||| FLEEEEING.
  4514 | D:6      | Killed Sigmund
  4885 | D:6      | Reached skill level 11 in Ranged Weapons
  4888 | D:6      | Found a sparkling altar of Nemelex Xobeh.
  5051 | D:6      | Found a runed translucent door.
  5052 | D:6      | Noticed Crazy Yiuf
  5055 | D:6      | 5055 ||| UPGRADING to +2 ring mail of willpower.
  5065 | D:6      | 5065 ||| DROPPING +0 ring mail.
  5066 | D:6      | 5066 ||| DROPPING ring of magical power.
  5067 | D:6      | 5067 ||| READING scroll labelled SATZAQIASSO.
  5068 | D:6      | 5068 ||| READING 2 scrolls of identify.
  5068 | D:6      | 5068 ||| IDENTIFYING yellow potion
  5069 | D:6      | 5069 ||| DROPPING potion of berserk rage.
  5149 | D:7      | 5149 ||| Stepping ~*~*~tactically~*~*~ (outnumbered).
  5163 | D:7      | Reached skill level 3 in Dodging
  5216 | D:7      | Noticed Pikel
  5221 | D:7      | Killed Pikel
  5222 | D:7      | Reached XP level 10. HP: 64/64 MP: 10/10
  5358 | D:7      | Reached skill level 12 in Ranged Weapons
  5773 | D:7      | Noticed Menkaure
  5777 | D:7      | Killed Menkaure
  5958 | D:7      | 5958 ||| UPGRADING to +6 ring of dexterity.
  5959 | D:7      | 5959 ||| UPGRADING to +6 ring of strength.
  5960 | D:7      | 5960 ||| READING 2 scrolls of identify.
  5960 | D:7      | 5960 ||| IDENTIFYING golden potion
  5961 | D:7      | 5961 ||| DROPPING potion of ambrosia.
  5989 | D:8      | Identified the +5 flail "Ginwutou" {venom, Will++ rCorr}
  6079 | D:8      | 6079 ||| Stepping ~*~*~tactically~*~*~ (outnumbered).
  6220 | D:8      | 6220 ||| Stepping ~*~*~tactically~*~*~ (outnumbered).
  6222 | D:8      | 6222 ||| Stepping ~*~*~tactically~*~*~ (outnumbered).
  6224 | D:8      | 6224 ||| Stepping ~*~*~tactically~*~*~ (outnumbered).
  6245 | D:8      | 6245 ||| FLEEEEING.
  6246 | D:8      | 6246 ||| FLEEEEING.
  6247 | D:8      | 6247 ||| FLEEEEING.
  6249 | D:8      | 6249 ||| FLEEEEING.
  6250 | D:8      | 6250 ||| FLEEEEING.
  6251 | D:8      | 6251 ||| FLEEEEING.
  6350 | D:8      | Found Xyddid's Armour Shoppe.
  6687 | D:8      | 6687 ||| Stepping ~*~*~tactically~*~*~ (outnumbered).
  6689 | D:8      | 6689 ||| Stepping ~*~*~tactically~*~*~ (outnumbered).
  6951 | D:8      | 6951 ||| DROPPING +6 ring of intelligence.
  6952 | D:8      | 6952 ||| DRINKING 2 lumpy pink potions.
  7030 | D:9      | Reached skill level 13 in Ranged Weapons
  7065 | D:9      | Noticed Amaemon
  7066 | D:9      | 7066 ||| Stepping ~*~*~tactically~*~*~ (outnumbered).
  7070 | D:9      | Noticed an orange demon
  7074 | D:9      | 7074 ||| Stepping ~*~*~tactically~*~*~ (outnumbered).
  7089 | D:9      | Killed Amaemon
  7090 | D:9      | Reached skill level 9 in Fighting
  7097 | D:9      | Reached XP level 11. HP: 22/72 MP: 11/11
  7097 | D:9      | HP: 15/72 [orange demon[Amaemon] (7)]
  7098 | D:9      | 7098 ||| READING 4 scrolls of teleportation.
  7100 | D:9      | Killed from afar by an orc priest

Levels and vault maps discovered:
D:1:      wander_arrival_chamber, layout_loops_cross,
          ebering_ecumenical_altar_box
D:2:      layout_basic, minmay_heptomino_h4, uniq_natasha
D:3:      layout_loops_ring, lemuel_doored_altar
D:4:      layout_basic
D:5:      lemuel_castle_with_subvaults [lemuel_castle_interior_carwin_3],
          layout_cave_pools, minmay_temple_entry_grid, uniq_grinder
D:6:      layout_loops_ring, nicolae_overflow_crystal_walls,
          nemelex_dance_club_becter, uniq_prince_ribbit1,
          uniq_crazy_yiuf_cottage, uniq_sigmund
D:7:      layout_basic, minmay_misc_feat_rugged, uniq_pikel, uniq_menkaure
D:8:      layout_basic, serial_demonic, serial_demonic_a, serial_demonic_e,
          serial_demonic_d, serial_demonic_a, nicolae_stop_n_shop_2
D:9:      layout_basic, nicolae_kikubaaqudgha_miasma_corner, minitemple,
          erik_lair_orcish_takeover, uniq_amaemon
Temple:   nicolae_temple_bog_church

Skill      XL: |  1  2  3  4  5  6  7  8  9 10 |
---------------+-------------------------------+-----
Armour         | 1 4 |  4.1
Ranged Weapons | 5 6 8 9 11 13 | 13.0
Fighting       | 3 4 6 8 9 |  9.7
Dodging        | 2 3 4 |  4.3
Stealth        | |  1.1

Action                     |  1- 3 |  4- 6 |  7- 9 | 10-12 || total
---------------------------+-------+-------+-------+-------++-------
   Fire: Shortbow          |    78 |   178 |   289 |       ||   545
         Hand crossbow     |       |       |   106 |   170 ||   276
    Use: Scroll            |     3 |     3 |     5 |     2 ||    13
         Potion            |       |     1 |     1 |     1 ||     3
 Armour: Ring mail         |     3 |    52 |   127 |    51 ||   233
         Leather armour    |     1 |       |       |       ||     1
  Dodge: Dodged            |    10 |    59 |   118 |    73 ||   260

Table legend:
 A = Non-vault XP
 B = Vault XP
 C = Vault XP percentage of total XP
 D = Non-vault monster count
 E = Vault monster count
 F = Vault count percentage of total count
                 A         B        C        D         E       F
            +---------+---------+-------+---------+---------+-------
      Total |    5822 |    3498 |  37.5 |     176 |      52 |  22.8
            +---------+---------+-------+---------+---------+-------
        D:1 |      24 |       0 |   0.0 |      13 |       0 |   0.0
        D:2 |      34 |      41 |  54.7 |      18 |       4 |  18.2
        D:3 |      52 |       0 |   0.0 |      18 |       0 |   0.0
        D:4 |     393 |       0 |   0.0 |      17 |       0 |   0.0
        D:5 |     891 |     652 |  42.3 |      24 |      29 |  54.7
        D:6 |    1625 |     640 |  28.3 |      29 |       4 |  12.1
        D:7 |    1142 |     810 |  41.5 |      17 |       2 |  10.5
        D:8 |    1155 |      55 |   4.5 |      32 |       6 |  15.8
        D:9 |     506 |    1300 |  72.0 |       8 |       7 |  46.7
            +---------+---------+-------+---------+---------+-------
